 Dungeon Crawl Stone Soup version 0.21.1-1-g345015fe64 (webtiles) character file.

122 RepoMan the Insei (level 4, -3/36 HPs)
             Began as a Draconian Transmuter on July 13, 2018.
             Killed from afar by patthesweetcat's ghost (16 damage)
             ... with a flame tongue
             ... on level 3 of the Dungeon.
             The game lasted 00:15:26 (2941 turns).

RepoMan the Insei (Draconian Transmuter)            Turns: 2941, Time: 00:15:30

Health: -3/36      AC:  5    Str: 12    XL:     4   Next: 78%
Magic:  1/7        EV: 12    Int: 13    God:
Gold:   110        SH:  0    Dex: 13    Spells: 2/8 levels left

rFire    . . .     SeeInvis .     - Unarmed
rCold    . . .     Gourm    .   (no shield)
rNeg     . . .     Faith    .   (armour unavailable)
rPois    .         Spirit   .   (helmet restricted)
rElec    .         Reflect  .   (no cloak)
rCorr    .         Harm     .   (no gloves)
MR       .....                  (boots currently unavailable)
Stlth    +.........             (no amulet)
HPRegen  0.12/turn              (no ring)
MPRegen  0.10/turn              (no ring)

@: appendage (expiring)
A: unfitting armour, talons 3, cold-blooded, AC +5
a: End Transformation


You were on level 3 of the Dungeon.
You were not hungry.
You had grown temporary talons.
You visited 1 branch of the dungeon, and saw 3 of its levels.

You collected 110 gold pieces.

Inventory:

Missiles
 a - 25 arrows
Jewellery
 h - a +3 ring of dexterity {unknown}
 j - a +6 ring of strength {unknown}
Scrolls
 d - 5 scrolls of remove curse {unknown}
 f - a scroll of random uselessness {unknown}
 i - a scroll of teleportation {unknown}
 k - 3 scrolls of identify {unknown}
 l - a scroll of fog {unknown}
 m - a scroll of amnesia {unknown}
 o - a scroll of fear {unknown}
Potions
 e - a potion of flight {unknown}
 g - 2 potions of curing {unknown}
 n - a potion of lignification {unknown}
 p - a potion of brilliance {unknown}
 q - a potion of berserk rage {unknown}
Books
 b - a book of Changes

   Spells                             Type                      Level
   a - Beastly Appendage              Transmutation                1
   b - Sticks to Snakes               Transmutation                2
   c - Spider Form                    Transmutation/Poison         3
   d - Ice Form                       Ice/Transmutation            4
   e - Blade Hands                    Transmutation                5
Comestibles
 c - 8 rations
 r - 7 chunks of flesh


   Skills:
 + Level 2.0 Fighting
 + Level 2.3 Dodging
 * Level 3.9 Unarmed Combat
 + Level 2.5 Spellcasting
 * Level 3.1 Transmutations


You had 2 spell levels left.
You knew the following spells:

 Your Spells              Type           Power        Failure   Level  Hunger
a - Beastly Appendage     Tmut           #.....       7%          1    #......
c - Spider Form           Tmut/Pois      #.........   36%         3    ###....
v - Sticks to Snakes      Tmut           #.......     10%         2    ###....


Dungeon Overview and Level Annotations

Branches:
Dungeon (3/15)

Altars:
Trog

Annotations:
D:3 patthesweetcat's ghost, amateur OpFE


Innate Abilities, Weirdness & Mutations

Your plain brown scales are hard. (AC +5)
You cannot fit into any form of body armour.
You are cold-blooded and may be slowed by cold attacks.
You have claws for feet.


Message History

Unknown command.
You closely miss patthesweetcat's ghost.
Your kick misses patthesweetcat's ghost.
Patthesweetcat's ghost is heavily damaged.
Your ball python barely misses patthesweetcat's ghost.
Your ball python closely misses patthesweetcat's ghost.
Your ball python misses patthesweetcat's ghost.
Your ball python barely misses patthesweetcat's ghost.
Patthesweetcat's ghost hits you.
The goblin throws a stone.
The stone barely misses your ball python.
The stone closely misses you.
Unknown command.
You hit patthesweetcat's ghost.
Patthesweetcat's ghost is heavily damaged.
Your ball python barely misses patthesweetcat's ghost.
Your ball python misses patthesweetcat's ghost.
Your ball python closely misses patthesweetcat's ghost.
Patthesweetcat's ghost casts a spell at you.
The flame tongue hits you!
You die...

#.......)#####
#....##### #....#
#....# #....#
#####+#..#####
#..(.........#
#............#
#S@..........#
#########WS..........#
#.)W...รท'gS..........#
#.#######............#
#.# #######.#..### #.#
#.#..# #.# .##..#
#(####### .# .#
#W......#


You could see patthesweetcat's ghost, a goblin and 3 friendly ball pythons.

Vanquished Creatures
  A worker ant zombie (D:2)
  4 adders (D:2)
  An ooze (D:1)
  3 worms (D:2)
  2 leopard geckos
  5 orcs (D:3)
  5 bats
  A giant cockroach (D:1)
  5 goblins
  4 hobgoblins
  4 jackals (D:3)
  A quokka (D:3)
  2 frilled lizards
  6 kobolds
  10 rats
54 creatures vanquished.

Vanquished Creatures (collateral kills)
  An adder (D:2)
1 creature vanquished.

Grand Total: 55 creatures vanquished

Notes
Turn   | Place    | Note
-------+----------+-------------------------------------------
     0 | D:1      | RepoMan the Draconian Transmuter began the quest for the Orb.
     0 | D:1      | Reached XP level 1. HP: 16/16 MP: 3/3
     2 | D:1      | Noticed a tengu
     2 | D:1      | Noticed a draconian
     4 | D:1      | Noticed a vampire
     4 | D:1      | Noticed a vine stalker
     6 | D:1      | Noticed a merfolk
     6 | D:1      | Noticed a troll
     8 | D:1      | Noticed a centaur
    10 | D:1      | Noticed an ogre
    12 | D:1      | Noticed a halfling
    14 | D:1      | Noticed a demonspawn
    14 | D:1      | Noticed an elf
    16 | D:1      | Noticed a spriggan
    16 | D:1      | Noticed a dwarf
    18 | D:1      | Noticed a ghoul
    18 | D:1      | Noticed a naga
    20 | D:1      | Noticed a minotaur
    20 | D:1      | Noticed a demigod
    22 | D:1      | Noticed a gargoyle
    22 | D:1      | Noticed a human
    24 | D:1      | Noticed an octopode
    26 | D:1      | Noticed a felid
    26 | D:1      | Noticed a formicid
   929 | D:1      | Reached XP level 2. HP: 20/23 MP: 3/5
   936 | D:1      | Learned a level 2 spell: Sticks to Snakes
  1365 | D:2      | Noticed a moth of wrath
  1467 | D:2      | Found a bloodstained altar of Trog.
  1670 | D:2      | Reached XP level 3. HP: 28/28 MP: 3/6
  1678 | D:2      | Learned a level 3 spell: Spider Form
  1972 | D:2      | Reached XP level 4. HP: 36/36 MP: 3/7
  2812 | D:3      | Noticed patthesweetcat's ghost (amateur OpFE)
  2941 | D:3      | Killed from afar by patthesweetcat's ghost

Skill      XL: |  1  2  3  4 |
---------------+-------------+-----
Dodging        | 2 |  2.3
Fighting       | 2 |  2.0
Transmutations | 3 |  3.1
Unarmed Combat | |  3.9
Spellcasting   | |  2.5

Action                   |  1- 3 |  4- 6 || total
-------------------------+-------+-------++-------
Melee: Unarmed           |   115 |    80 ||   195
       Tailslap          |    10 |     9 ||    19
       Kick              |    11 |    12 ||    23
       Headbutt          |     7 |     3 ||    10
       Punch             |     1 |       ||     1
 Cast: Beastly Appendage |    25 |    15 ||    40
       Sticks to Snakes  |     5 |     7 ||    12
 Stab: Sleeping          |     1 |       ||     1
  Eat: Chunk             |     4 |     4 ||     8
Armor: Skin              |    29 |    20 ||    49
Dodge: Dodged            |    51 |    43 ||    94
